[ PARTIDA AOE2 · #468961388 ]
UnrankedFrancos vs Dravidians
Equipo del jugador · DERR
Equipo rival · VICT
[ ANÁLISIS DE REPETICIÓN · EXTRAÍDO DE LA PARTIDA GRABADA ]
Feudal
9:17
Castillos
23:05
Imperial
—
| APM promedio | 39.6 |
| APM pico | 86 |
| eAPM promedio | 14.8 |
| Aldeanos / militares | 42 / 19 |
Foco
⚔️ 29.4% · 🌾 70.6%
Archer ×12 · Knight ×4 · Scout Cavalry ×3
Feudal
9:15
Castillos
20:48
Imperial
—
| APM promedio | 47.3 |
| APM pico | 107 |
| eAPM promedio | 18.4 |
| Aldeanos / militares | 46 / 29 |
Foco
⚔️ 37.6% · 🌾 62.4%
Archer ×22 · Skirmisher ×4 · Militia ×3
Mapa de la partida
Recursos iniciales + cada clic de construcción. Líneas = muros · curvas = relieve. ◆ oro · ⬟ piedra · ● bayas · ✦ reliquia · ◌ hueco del cierre
Tu base· ✓ Cerrada en 23:05 · 38t muro · 2 puerta(s)
Base de bgm· ✓ Cerrada en 20:48 · 39t muro · sin puerta
Terreno inicial suavizado · ◌ = hueco del cierre detectado · pasá el cursor para detalles
Inputs por minuto
— ITA | Dante - - bgm
Build order — ITA | Dante
149 acciones detectadas en el replay
| 0:00 | Crear | Villager (Male) |
| 0:00 | Crear | Villager (Male) |
| 0:01 | Crear | Villager (Male) |
| 0:01 | Crear | Villager (Male) |
| 0:01 | Crear | Villager (Male) |
| 0:03 | Construir | House |
| 0:05 | Construir | House |
| 1:28 | Crear | Villager (Male) |
| 1:59 | Construir | Lumber Camp |
| 1:59 | Crear | Villager (Male) |
| 2:29 | Crear | Villager (Male) |
| 2:46 | Crear | Villager (Male) |
| 3:06 | Crear | Villager (Male) |
| 3:25 | Construir | House |
| 3:30 | Construir | House |
| 3:44 | Crear | Villager (Male) |
| 3:53 | Construir | House |
| 3:57 | Crear | Villager (Male) |
| 4:16 | Crear | Villager (Male) |
| 4:27 | Construir | Mill |
| 4:53 | Crear | Villager (Male) |
| 5:06 | Crear | Villager (Male) |
| 5:23 | Construir | Palisade Wall |
| 5:24 | Construir | Palisade Wall |
| 5:30 | Crear | Villager (Male) |
| 5:31 | Investigar | Loom |
| 5:36 | Crear | Villager (Male) |
| 5:36 | Investigar | Loom |
| 6:51 | Construir | Palisade Wall |
| 7:07 | Investigar | Feudal Age |
| 7:45 | Construir | Mining Camp |
| 7:52 | Construir | House |
| 8:07 | Construir | Palisade Wall |
| 8:10 | Construir | Palisade Wall |
| 8:18 | Construir | Barracks |
| 8:26 | Crear | Villager (Male) |
| 8:31 | Construir | Palisade Wall |
| 9:17 | Edad | Edad Feudal |
| 9:23 | Construir | Archery Range |
| 9:30 | Crear | Villager (Male) |
| 9:53 | Crear | Villager (Male) |
| 9:56 | Construir | Farm |
| 10:11 | Construir | House |
| 10:12 | Construir | Palisade Wall |
| 10:22 | Crear | Archer |
| 10:23 | Crear | Archer |
| 10:32 | Crear | Villager (Male) |
| 10:39 | Crear | Villager (Male) |
| 10:49 | Crear | Villager (Male) |
| 10:51 | Construir | House |
| 11:05 | Construir | Farm |
| 11:07 | Construir | Farm |
| 11:12 | Crear | Villager (Male) |
| 11:22 | Construir | House |
| 11:24 | Construir | Palisade Wall |
| 11:28 | Construir | Palisade Gate |
| 11:48 | Construir | House |
| 11:52 | Investigar | Double-Bit Axe |
| 11:54 | Crear | Villager (Male) |
| 12:13 | Crear | Archer |
| 12:14 | Crear | Archer |
| 12:20 | Crear | Villager (Male) |
| 12:34 | Construir | Farm |
| 12:56 | Crear | Archer |
| 13:00 | Crear | Villager (Male) |
| 13:05 | Construir | Blacksmith |
| 13:36 | Crear | Villager (Male) |
| 13:50 | Crear | Villager (Male) |
| 13:53 | Construir | Farm |
| 13:54 | Construir | Farm |
| 13:55 | Construir | Farm |
| 13:56 | Construir | Farm |
| 14:01 | Crear | Archer |
| 14:10 | Construir | Palisade Wall |
| 14:23 | Construir | Stable |
| 14:26 | Construir | House |
| 14:28 | Construir | Palisade Wall |
| 14:30 | Construir | Palisade Wall |
| 14:30 | Construir | Palisade Wall |
| 14:32 | Crear | Villager (Male) |
| 14:33 | Crear | Villager (Male) |
| 14:33 | Crear | Villager (Male) |
| 14:59 | Construir | Palisade Gate |
| 15:01 | Construir | Palisade Wall |
| 15:02 | Crear | Villager (Male) |
| 15:16 | Crear | Villager (Male) |
| 15:19 | Construir | Lumber Camp |
| 15:21 | Construir | House |
| 15:23 | Construir | Palisade Wall |
| 15:29 | Crear | Scout Cavalry |
| 15:30 | Crear | Scout Cavalry |
| 15:30 | Crear | Scout Cavalry |
| 15:36 | Construir | Palisade Wall |
| 15:38 | Construir | House |
| 15:53 | Crear | Archer |
| 16:02 | Construir | Farm |
| 16:02 | Crear | Villager (Male) |
| 16:11 | Crear | Archer |
| 16:11 | Crear | Archer |
| 16:37 | Construir | Farm |
| 16:58 | Crear | Archer |
| 17:12 | Construir | Farm |
| 17:13 | Construir | Farm |
| 17:44 | Construir | Farm |
| 17:45 | Crear | Villager (Male) |
| 17:46 | Crear | Villager (Male) |
| 17:49 | Crear | Archer |
| 17:49 | Crear | Archer |
| 17:54 | Investigar | Fletching |
| 17:58 | Crear | Villager (Male) |
| 18:06 | Construir | Farm |
| 18:06 | Construir | Farm |
| 18:09 | Construir | Farm |
| 18:17 | Construir | Farm |
| 18:38 | Crear | Villager (Male) |
| 18:59 | Construir | Farm |
| 19:00 | Crear | Villager (Male) |
| 19:06 | Construir | Farm |
| 19:08 | Construir | Farm |
| 19:10 | Construir | Farm |
| 19:12 | Crear | Villager (Male) |
| 19:33 | Construir | House |
| 19:38 | Construir | House |
| 19:39 | Construir | House |
| 20:25 | Investigar | Castle Age |
| 20:29 | Construir | Stable |
| 20:39 | Construir | Market |
| 20:58 | Investigar | Scale Barding Armor |
| 21:06 | Investigar | Gold Mining |
| 21:10 | Construir | Palisade Wall |
| 21:12 | Construir | Palisade Wall |
| 21:24 | Construir | Palisade Gate |
| 21:39 | Investigar | Forging |
| 21:52 | Construir | House |
| 21:53 | Construir | House |
| 21:55 | Construir | House |
| 21:57 | Construir | House |
| 22:01 | Construir | House |
| 22:36 | Construir | Watch Tower |
| 22:50 | Crear | Villager (Male) |
| 22:54 | Construir | Stable |
| 23:05 | Edad | Edad de los Castillos |
| 23:08 | Construir | Palisade Gate |
| 23:17 | Crear | Knight |
| 23:17 | Crear | Knight |
| 23:17 | Crear | Knight |
| 23:27 | Investigar | Chain Barding Armor |
| 23:50 | Construir | Lumber Camp |
| 23:53 | Crear | Knight |
Build order — bgm
Primeras 150 de 152 acciones detectadas
| 0:00 | Crear | Villager (Male) |
| 0:00 | Crear | Villager (Male) |
| 0:01 | Crear | Villager (Male) |
| 0:02 | Construir | House |
| 0:04 | Construir | House |
| 0:39 | Crear | Villager (Male) |
| 1:37 | Crear | Villager (Male) |
| 1:52 | Construir | Lumber Camp |
| 2:03 | Crear | Villager (Male) |
| 2:19 | Crear | Villager (Male) |
| 2:49 | Crear | Villager (Male) |
| 3:13 | Crear | Villager (Male) |
| 3:17 | Construir | House |
| 3:38 | Crear | Villager (Male) |
| 4:05 | Crear | Villager (Male) |
| 4:31 | Crear | Villager (Male) |
| 4:35 | Construir | Mill |
| 4:56 | Crear | Villager (Male) |
| 5:01 | Crear | Villager (Male) |
| 5:20 | Crear | Villager (Male) |
| 6:00 | Crear | Villager (Male) |
| 6:01 | Investigar | Loom |
| 6:59 | Investigar | Feudal Age |
| 7:58 | Construir | Barracks |
| 8:02 | Construir | House |
| 8:35 | Construir | Palisade Wall |
| 8:39 | Construir | Palisade Wall |
| 8:44 | Construir | House |
| 8:45 | Construir | Palisade Wall |
| 8:52 | Construir | Palisade Wall |
| 8:54 | Crear | Villager (Male) |
| 9:01 | Crear | Militia |
| 9:02 | Crear | Militia |
| 9:15 | Edad | Edad Feudal |
| 9:18 | Investigar | Double-Bit Axe |
| 9:22 | Construir | Archery Range |
| 9:24 | Construir | Palisade Wall |
| 9:26 | Crear | Militia |
| 9:41 | Construir | Archery Range |
| 9:45 | Crear | Villager (Male) |
| 9:48 | Construir | Mining Camp |
| 9:51 | Construir | House |
| 9:52 | Construir | Palisade Wall |
| 9:56 | Crear | Villager (Male) |
| 10:04 | Construir | Palisade Wall |
| 10:07 | Crear | Villager (Male) |
| 10:22 | Crear | Skirmisher |
| 10:25 | Construir | House |
| 10:26 | Construir | Palisade Wall |
| 10:26 | Construir | Palisade Wall |
| 10:28 | Construir | Palisade Wall |
| 10:36 | Crear | Villager (Male) |
| 10:45 | Crear | Villager (Male) |
| 10:53 | Crear | Skirmisher |
| 11:15 | Investigar | Man-at-Arms (upgrade) |
| 11:17 | Crear | Villager (Male) |
| 11:19 | Construir | Farm |
| 11:24 | Construir | Farm |
| 11:26 | Construir | Farm |
| 11:28 | Construir | Farm |
| 11:43 | Construir | House |
| 11:45 | Construir | Palisade Wall |
| 11:46 | Crear | Villager (Male) |
| 12:02 | Crear | Skirmisher |
| 12:13 | Crear | Villager (Male) |
| 12:16 | Construir | Farm |
| 12:22 | Construir | Farm |
| 12:27 | Crear | Skirmisher |
| 12:34 | Crear | Villager (Male) |
| 12:59 | Construir | Farm |
| 13:24 | Construir | Blacksmith |
| 13:28 | Construir | House |
| 13:49 | Crear | Archer |
| 13:52 | Construir | House |
| 13:55 | Crear | Villager (Male) |
| 14:06 | Investigar | Fletching |
| 14:09 | Construir | Farm |
| 14:14 | Construir | Farm |
| 14:16 | Construir | Farm |
| 14:18 | Crear | Villager (Male) |
| 14:21 | Crear | Archer |
| 14:40 | Crear | Archer |
| 14:41 | Crear | Villager (Male) |
| 14:42 | Construir | Farm |
| 14:46 | Investigar | Padded Archer Armor |
| 14:47 | Crear | Villager (Male) |
| 15:01 | Crear | Villager (Male) |
| 15:05 | Construir | Farm |
| 15:09 | Construir | Farm |
| 15:14 | Crear | Archer |
| 15:36 | Crear | Archer |
| 16:02 | Crear | Villager (Male) |
| 16:03 | Crear | Archer |
| 16:10 | Construir | Farm |
| 16:11 | Construir | Farm |
| 16:12 | Construir | Farm |
| 16:24 | Crear | Villager (Male) |
| 16:27 | Construir | Farm |
| 16:48 | Construir | Farm |
| 16:49 | Crear | Villager (Male) |
| 16:51 | Crear | Archer |
| 17:08 | Crear | Villager (Male) |
| 17:19 | Construir | Farm |
| 17:21 | Construir | Farm |
| 17:29 | Construir | House |
| 17:30 | Construir | House |
| 17:34 | Crear | Villager (Male) |
| 17:53 | Construir | Farm |
| 18:08 | Investigar | Castle Age |
| 18:11 | Crear | Archer |
| 18:18 | Construir | House |
| 18:20 | Construir | Palisade Wall |
| 18:25 | Construir | House |
| 18:25 | Construir | Palisade Wall |
| 18:28 | Construir | Palisade Wall |
| 18:32 | Investigar | Horse Collar |
| 18:39 | Crear | Archer |
| 18:53 | Crear | Archer |
| 19:01 | Construir | Palisade Wall |
| 19:27 | Construir | Archery Range |
| 19:31 | Crear | Archer |
| 19:41 | Construir | House |
| 19:45 | Construir | House |
| 19:46 | Construir | Palisade Wall |
| 20:14 | Crear | Archer |
| 20:30 | Crear | Archer |
| 20:48 | Edad | Edad de los Castillos |
| 20:50 | Investigar | Crossbowman (upgrade) |
| 20:51 | Investigar | Bodkin Arrow |
| 21:06 | Crear | Villager (Male) |
| 21:20 | Construir | Town Center |
| 21:24 | Crear | Archer |
| 21:32 | Crear | Archer |
| 21:32 | Crear | Archer |
| 21:34 | Crear | Villager (Male) |
| 21:52 | Crear | Archer |
| 22:03 | Crear | Villager (Male) |
| 22:03 | Crear | Villager (Male) |
| 22:04 | Crear | Villager (Male) |
| 22:26 | Crear | Villager (Male) |
| 22:38 | Crear | Villager (Male) |
| 22:42 | Construir | Farm |
| 22:43 | Construir | Farm |
| 22:43 | Construir | Farm |
| 22:56 | Crear | Archer |
| 22:56 | Crear | Archer |
| 22:56 | Crear | Archer |
| 22:57 | Crear | Villager (Male) |
| 23:16 | Crear | Villager (Male) |
| 23:17 | Crear | Archer |
Cronología de la partida
| 5:23 | ITA | Dante · wall_segment Palisade Wall x1 |
| 5:24 | ITA | Dante · wall_segment Palisade Wall x1 |
| 6:51 | ITA | Dante · wall_segment Palisade Wall x1 |
| 7:58 | bgm · first_building Barracks |
| 8:07 | ITA | Dante · wall_segment Palisade Wall x1 |
| 8:10 | ITA | Dante · wall_segment Palisade Wall x1 |
| 8:18 | ITA | Dante · first_building Barracks |
| 8:31 | ITA | Dante · wall_segment Palisade Wall x1 |
| 8:35 | bgm · wall_segment Palisade Wall x1 |
| 8:39 | bgm · wall_segment Palisade Wall x4 |
| 8:45 | bgm · wall_segment Palisade Wall x2 |
| 8:52 | bgm · wall_segment Palisade Wall x4 |
| 9:15 | bgm · age_up feudal |
| 9:17 | ITA | Dante · age_up feudal |
| 9:22 | bgm · first_building Archery Range |
| 9:23 | ITA | Dante · first_building Archery Range |
| 9:24 | bgm · wall_segment Palisade Wall x1 |
| 9:52 | bgm · wall_segment Palisade Wall x1 |
| 10:04 | bgm · wall_segment Palisade Wall x4 |
| 10:12 | ITA | Dante · wall_segment Palisade Wall x1 |
| 10:26 | bgm · wall_segment Palisade Wall x1 |
| 10:26 | bgm · wall_segment Palisade Wall x1 |
| 10:28 | bgm · wall_segment Palisade Wall x4 |
| 11:24 | ITA | Dante · wall_segment Palisade Wall x8 |
| 11:45 | bgm · wall_segment Palisade Wall x5 |
| 14:10 | ITA | Dante · wall_segment Palisade Wall x7 |
| 14:23 | ITA | Dante · first_building Stable |
| 14:28 | ITA | Dante · wall_segment Palisade Wall x1 |
| 14:30 | ITA | Dante · wall_segment Palisade Wall x1 |
| 14:30 | ITA | Dante · wall_segment Palisade Wall x1 |
| 15:01 | ITA | Dante · wall_segment Palisade Wall x1 |
| 15:23 | ITA | Dante · wall_segment Palisade Wall x8 |
| 15:36 | ITA | Dante · wall_segment Palisade Wall x2 |
| 18:20 | bgm · wall_segment Palisade Wall x5 |
| 18:25 | bgm · wall_segment Palisade Wall x1 |
| 18:28 | bgm · wall_segment Palisade Wall x1 |
| 19:01 | bgm · wall_segment Palisade Wall x1 |
| 19:46 | bgm · wall_segment Palisade Wall x4 |
| 20:48 | bgm · age_up castle |
| 21:10 | ITA | Dante · wall_segment Palisade Wall x1 |
| 21:12 | ITA | Dante · wall_segment Palisade Wall x1 |
| 23:05 | ITA | Dante · age_up castle |
| 24:09 | ITA | Dante · resign |
[ ANÁLISIS IA · 1 CRÉDITO ]
¿Qué pasó realmente en esta partida?
Wolo.gg analiza cada decisión: build order, eco, micro, errores típicos por bracket. Análisis personalizado por WhatsApp o Discord en 30 segundos.
Guía civ
Francos
Perfil
ITA | Dante